Map: Oceanborn LE

Players

Geralt (Gerald) - Winner!

  • Race: Protoss Protoss
  • League: Grandmaster
  • Spawn Location: 11:00

SKillous

  • Race: Protoss Protoss
  • League: Grandmaster
  • Spawn Location: 5:00

Event: HomeStory Cup XXV

VOD

Have the link to the VOD?

Description

Time

  • Played on: June 21, 2024, 3:24 p.m.
  • Length: 13:25

All games in this series

Show
View Real Time Build Order
Export as new Build Order

Geralt Protoss - Winner!

Build Orders: Blink Stalkers, Zealot Archon 

Get SALT Encoding   

  12  0:00  Probe  
  13  0:12  Probe  
  14  0:17  Pylon  
  14  0:24  Probe (Chrono Boost)  
  15  0:36  Gateway, Probe (Chrono Boost)  
  16  0:44  Probe (Chrono Boost)  
  16  0:46  Assimilator  
  17  0:51  Probe  
  17  0:54  Assimilator  
  18  1:03  Probe (Chrono Boost)  
  19  1:06  Gateway  
  19  1:12  Probe (Chrono Boost)  
  19  1:17  Probe (Chrono Boost)  
  20  1:23  Cybernetics Core  
  21  1:29  Probe  
  22  1:33  Pylon  
  22  1:41  Probe  
  23  1:53  Probe  
  24  1:59  Sentry  
  24  2:00  Stalker  
  28  2:05  Probe  
  28  2:06  Warp Gate  
  29  2:12  Pylon  
  29  2:14  Pylon  
  29  2:18  Probe  
  30  2:27  Pylon  
  30  2:30  Probe  
  31  2:46  Cybernetics Core  
  31  2:49  Nexus  
  31  2:53  Probe  
  31  3:02  Twilight Council  
  31  3:05  Probe  
  32  3:08  Sentry  
  34  3:14  Stalker  
  34  3:17  Probe  
  37  3:23  Shield Battery  
  37  3:29  Probe  
  38  3:36  Pylon  
  38  3:37  Blink (Chrono Boost)  
  38  3:44  Probe  
  38  3:46  Robotics Facility  
  39  3:57  Probe  
  38  4:03  Stalker  
  38  4:05  Probe  
  38  4:09  Probe  
  42  4:13  Stalker  
  44  4:17  Probe  
  44  4:21  Probe  
  46  4:29  Probe  
  47  4:33  Probe  
  48  4:39  Nexus  
  48  4:41  Probe  
  48  4:45  Observer, Probe, Dark Shrine  
  51  4:54  Assimilator  
  51  4:56  Pylon  
  51  4:59  Adept x2  
  55  5:01  Probe  
  55  5:04  Probe  
  57  5:09  Gateway  
  57  5:14  Probe  
  57  5:18  Shield Battery  
  57  5:19  Probe  
  59  5:26  Stalker x2, Probe  
  64  5:33  Immortal  
  64  5:34  Probe  
  69  5:40  Pylon  
  69  5:49  Pylon  
  69  5:52  Probe  
  70  6:01  Probe  
  70  6:04  Probe x2  
  70  6:08  Dark Templar  
  70  6:09  Dark Templar  
  70  6:11  Observer  
  73  6:13  Stalker, Probe (Chrono Boost)  
  73  6:16  Probe (Chrono Boost)  
  73  6:18  Probe (Chrono Boost)  
  78  6:23  Forge  
  78  6:25  Gateway, Probe (Chrono Boost)  
  80  6:27  Probe x2 (Chrono Boost)  
  80  6:28  Charge (Chrono Boost), Gateway  
  80  6:29  Gateway  
  80  6:31  Probe (Chrono Boost)  
  80  6:34  Probe  
  80  6:38  Pylon  
  82  6:40  Gateway  
  82  6:42  Archon  
  82  6:44  Gateway, Immortal  
  86  6:47  Probe  
  86  6:49  Pylon  
  87  6:57  Protoss Ground Weapons Level 1 (Chrono Boost)  
  87  6:58  Gateway  
  87  6:59  Gateway  
  87  7:09  Nexus  
  87  7:10  Pylon  
  87  7:13  Probe  
  88  7:16  Zealot x2  
  88  7:20  Zealot  
  88  7:21  Probe  
  88  7:22  Probe  
  96  7:23  Observer  
  97  7:32  Zealot x3  
  103  7:38  Zealot x2, Warp Prism (Chrono Boost)  
  103  7:41  Zealot x2  
  113  7:51  Zealot  
  113  7:52  Zealot x2  
  113  7:53  Pylon  
  113  7:55  Probe x2  
  121  7:58  Dark Templar  
  121  8:02  Zealot  
  125  8:06  Pylon  
  125  8:07  Pylon  
  125  8:10  Observer  
  126  8:13  Pylon  
  126  8:14  Pylon  
  126  8:15  Probe  
  127  8:31  Stalker x3  
  127  8:32  Stalker x2, Zealot x4  
  124  8:50  Stalker  
  124  8:52  Probe  
  113  8:57  Stalker x9  
  121  9:09  Immortal  
  119  9:17  Stalker  
  113  9:25  Stalker x2  
  113  9:26  Zealot x7  
  129  9:45  Zealot  
  129  9:46  Probe x3  
  129  9:49  Zealot x9  
  129  9:50  Gateway  
  129  9:52  Pylon  
  150  9:54  Probe  
  129  10:03  Immortal (Chrono Boost)  
  126  10:11  Zealot x8  
  126  10:14  Zealot x2  
  140  10:32  Stalker x4, Zealot x4  
  140  10:33  Zealot  
  152  10:44  Zealot  
  152  10:46  Probe  
  151  11:01  Stalker x4  
  151  11:02  Stalker x5  
  159  11:07  Zealot  
  141  11:25  Zealot x9  
  149  11:32  Zealot  
  134  11:33  Probe  
  124  11:45  Zealot, Dark Templar x3  
  130  11:52  Zealot x6  
  138  11:57  Probe  
  130  12:02  Probe x2  
  130  12:03  Probe  
  130  12:07  Stalker x2  
  130  12:08  Stalker  
  137  12:10  Probe  
  138  12:17  Zealot x4  
  140  12:38  Probe  
  140  12:43  Zealot x8  
  140  12:44  Observer (Chrono Boost)  
  158  12:48  Probe  
  159  12:52  Probe  
  159  12:54  Archon  
  128  13:15  Stalker x4  
  128  13:16  Zealot x4  
Show
View Real Time Build Order
Export as new Build Order

SKillous Protoss 

Build Orders: Phoenix Opening, Blink Stalkers 

Get SALT Encoding   

  12  0:00  Probe  
  13  0:12  Probe  
  14  0:17  Pylon  
  14  0:24  Probe (Chrono Boost)  
  15  0:36  Probe (Chrono Boost)  
  15  0:37  Gateway  
  15  0:41  Assimilator  
  16  0:45  Probe (Chrono Boost)  
  17  0:51  Assimilator  
  17  0:53  Probe (Chrono Boost)  
  18  1:05  Probe (Chrono Boost)  
  18  1:07  Gateway  
  19  1:13  Probe (Chrono Boost)  
  20  1:19  Probe  
  20  1:24  Cybernetics Core  
  21  1:31  Probe  
  22  1:32  Pylon  
  22  1:43  Probe  
  23  1:56  Probe  
  23  2:00  Sentry  
  23  2:01  Warp Gate  
  28  2:07  Pylon  
  28  2:08  Probe  
  29  2:22  Pylon  
  29  2:23  Sentry  
  29  2:26  Sentry  
  29  2:28  Probe  
  31  2:40  Probe  
  36  2:53  Twilight Council  
  36  2:54  Probe  
  36  2:55  Pylon  
  33  3:06  Probe  
  33  3:07  Stalker  
  33  3:08  Stalker  
  38  3:17  Nexus  
  38  3:20  Probe  
  38  3:22  Blink (Chrono Boost)  
  39  3:33  Probe  
  40  3:39  Phoenix  
  40  3:45  Probe  
  41  3:49  Stalker x2  
  45  4:03  Probe  
  46  4:15  Probe  
  46  4:16  Pylon  
  47  4:27  Nexus  
  47  4:30  Probe (Chrono Boost)  
  49  4:33  Probe (Chrono Boost)  
  49  4:37  Stalker  
  51  4:41  Probe (Chrono Boost)  
  51  4:44  Stalker  
  54  4:47  Probe x2 (Chrono Boost)  
  56  4:55  Pylon  
  56  4:57  Probe  
  56  4:58  Probe  
  58  5:01  Forge  
  58  5:09  Probe  
  58  5:10  Probe  
  60  5:20  Robotics Facility  
  60  5:21  Probe (Chrono Boost)  
  61  5:23  Stalker x2  
  61  5:24  Probe (Chrono Boost)  
  61  5:26  Assimilator  
  66  5:30  Shield Battery, Protoss Ground Weapons Level 1 (Chrono Boost)  
  66  5:33  Probe (Chrono Boost)  
  68  5:39  Charge  
  68  5:40  Probe (Chrono Boost)  
  68  5:41  Probe (Chrono Boost)  
  68  5:42  Probe (Chrono Boost)  
  70  5:49  Probe (Chrono Boost)  
  73  5:50  Probe (Chrono Boost)  
  73  5:51  Probe (Chrono Boost)  
  73  5:54  Probe (Chrono Boost)  
  72  5:58  Stalker x2  
  72  6:00  Probe (Chrono Boost)  
  72  6:01  Probe (Chrono Boost)  
  75  6:10  Observer (Chrono Boost)  
  78  6:11  Probe (Chrono Boost)  
  78  6:12  Probe (Chrono Boost)  
  78  6:16  Probe (Chrono Boost)  
  78  6:18  Probe (Chrono Boost)  
  79  6:19  Probe (Chrono Boost)  
  79  6:21  Gateway x2  
  79  6:22  Photon Cannon  
  79  6:23  Probe  
  81  6:26  Probe  
  81  6:28  Observer (Chrono Boost)  
  81  6:30  Probe  
  84  6:34  Phoenix  
  84  6:35  Probe  
  84  6:36  Stalker x2  
  91  6:51  Photon Cannon  
  89  6:56  Gateway  
  89  6:58  Gateway  
  89  6:59  Gateway  
  89  7:00  Gateway, Observer  
  90  7:08  Stalker, Probe  
  93  7:11  Pylon  
  93  7:16  Nexus, Protoss Ground Weapons Level 2 (Chrono Boost)  
  93  7:18  Pylon  
  93  7:21  Pylon  
  93  7:29  Probe x3  
  96  7:31  Assimilator  
  96  7:32  Pylon  
  96  7:38  Stalker x4  
  96  7:41  Pylon  
  96  7:42  Shield Battery  
  96  7:43  Probe  
  105  7:45  Probe  
  105  7:49  Photon Cannon  
  105  7:50  Probe  
  107  7:51  Shield Battery  
  107  7:54  Stalker  
  107  7:55  Probe  
  110  7:58  Stalker x2  
  110  8:02  Stalker  
  116  8:07  Warp Prism  
  116  8:11  Stalker  
  120  8:20  Stalker x2  
  120  8:24  Stalker x2  
  128  8:28  Stalker  
  128  8:33  Stalker x2  
  132  8:46  Zealot x3  
  122  8:50  Zealot x2  
  100  8:55  Stalker  
  100  9:01  Shield Battery  
  96  9:03  Stalker x2, Immortal (Chrono Boost)  
  89  9:12  Pylon  
  89  9:15  Stalker x5  
  93  9:21  Stalker  
  91  9:26  Pylon  
  91  9:27  Stalker x2  
  95  9:37  Zealot x2  
  95  9:38  Zealot x3  
  105  9:43  Zealot x5  
  105  9:44  Stalker  
  103  9:49  Stalker  
  103  9:55  Pylon  
  95  10:03  Stalker x2  
  95  10:04  Zealot x2  
  95  10:05  Zealot x2  
  109  10:18  Probe (Chrono Boost)  
  109  10:24  Probe x2 (Chrono Boost)  
  109  10:25  Probe (Chrono Boost)  
  109  10:26  Stalker x5  
  115  10:29  Zealot x2  
  115  10:30  Zealot  
  115  10:32  Pylon  
  107  10:50  Zealot x5  
  107  10:55  Stalker x3  
  110  11:12  Stalker x5  
  120  11:22  Pylon  
  101  11:37  Stalker x2  
  101  11:38  Stalker x2  
  103  11:40  Zealot x3  
  103  11:44  Observer  
  103  11:45  Zealot  
  103  12:11  Nexus  
  103  12:14  Pylon  
  103  12:27  Robotics Bay  
  101  12:30  Immortal (Chrono Boost)  
  101  12:35  Shield Battery  
  99  12:37  Shield Battery  
  99  12:39  Shield Battery  
  99  12:42  Shield Battery  
  99  12:45  Stalker x3  
  99  12:49  Robotics Facility  
  105  12:57  Stalker x2  
  88  13:17  Zealot x6  
Tags
 
Add a new tag
Caveats
  • Supply blocks, unpowered buildings, or Contaminate may cause inaccurate times.
  • Supply counts are checked every 10 seconds.